Map: 캑터스 밸리 - 래더 (공허)

Players

Kayak - Winner!

  • Race: Protoss Protoss
  • League: Master
  • Spawn Location: 11:00

TREVI

  • Race: Protoss Protoss
  • League: Grandmaster
  • Spawn Location: 5:00

VOD

Have the link to the VOD?

Description

Time

  • Played on: March 12, 2017, 5:42 p.m.
  • Length: 5:56
Show
View Real Time Build Order
Export as new Build Order

Kayak Protoss - Winner!

Build Orders: Mass Adepts, Dark Templar Rush 

Get SALT Encoding   

  12  0:00  Probe (Chrono Boost)  
  13  0:11  Probe (Chrono Boost)  
  14  0:17  Pylon  
  14  0:22  Probe (Chrono Boost)  
  15  0:36  Probe (Chrono Boost)  
  15  0:38  Gateway  
  16  0:46  Probe (Chrono Boost)  
  17  0:50  Assimilator  
  17  0:57  Assimilator, Probe (Chrono Boost)  
  18  1:08  Probe (Chrono Boost)  
  19  1:18  Gateway, Probe (Chrono Boost)  
  20  1:25  Cybernetics Core  
  20  1:29  Probe (Chrono Boost)  
  21  1:37  Pylon  
  21  1:39  Probe (Chrono Boost)  
  22  1:51  Warp Gate, Probe (Chrono Boost)  
  24  2:02  Probe (Chrono Boost)  
  24  2:04  Adept  
  24  2:06  Adept  
  30  2:16  Mothership Core (Chrono Boost)  
  30  2:22  Pylon  
  30  2:40  Adept x2  
  30  2:41  Pylon  
  34  2:48  Twilight Council  
  34  3:07  Adept  
  34  3:08  Adept  
  38  3:23  Gateway  
  38  3:32  Dark Shrine  
  36  3:34  Resonating Glaives  
  33  3:57  Probe (Chrono Boost)  
  32  4:03  Adept x2  
  32  4:09  Probe (Chrono Boost)  
  37  4:10  Pylon  
  37  4:21  Probe (Chrono Boost)  
  38  4:26  Adept x3  
  44  4:33  Probe (Chrono Boost)  
  45  4:52  Dark Templar x2  
  36  5:29  Dark Templar  
  34  5:45  Dark Templar  
  34  5:49  Nexus  
  36  5:51  Pylon  
Show
View Real Time Build Order
Export as new Build Order

TREVI Protoss 

Build Orders:  

Get SALT Encoding   

  12  0:00  Probe (Chrono Boost)  
  13  0:12  Probe (Chrono Boost)  
  14  0:18  Pylon  
  14  0:22  Probe (Chrono Boost)  
  15  0:36  Probe (Chrono Boost)  
  15  0:38  Gateway  
  16  0:43  Assimilator  
  16  0:47  Probe (Chrono Boost)  
  17  0:51  Assimilator  
  17  0:57  Probe (Chrono Boost)  
  18  1:08  Probe (Chrono Boost)  
  19  1:11  Gateway  
  19  1:19  Probe (Chrono Boost)  
  19  1:25  Cybernetics Core  
  20  1:29  Probe (Chrono Boost)  
  20  1:32  Pylon  
  22  1:40  Probe (Chrono Boost)  
  22  1:50  Probe (Chrono Boost)  
  23  1:55  Warp Gate  
  23  2:03  Adept x2  
  23  2:05  Mothership Core (Chrono Boost)  
  29  2:15  Pylon  
  29  2:23  Pylon  
  29  2:30  Stalker  
  29  2:33  Stalker  
  33  2:46  Gateway  
  33  3:06  Stalker x2  
  37  3:20  Twilight Council  
  37  3:35  Nexus  
  37  3:40  Probe (Chrono Boost)  
  37  3:53  Probe (Chrono Boost)  
  34  4:05  Robotics Facility  
  34  4:14  Probe (Chrono Boost)  
  35  4:18  Pylon  
  35  4:26  Probe (Chrono Boost)  
  36  4:33  Adept x2  
  36  4:38  Probe (Chrono Boost)  
  41  4:48  Probe (Chrono Boost)  
  41  4:50  Probe (Chrono Boost)  
  43  4:53  Stalker  
  40  5:11  Stalker x2  
  41  5:17  Pylon  
  42  5:21  Pylon  
  42  5:32  Pylon  
  42  5:39  Sentry  
  42  5:40  Sentry x2  
  47  5:46  Pylon  
Tags
 
Add a new tag
Caveats
  • Supply blocks, unpowered buildings, or Contaminate may cause inaccurate times.
  • Supply counts are checked every 10 seconds.